UAA
PHOENIX HOTSPUR YOUTH @ RICHLAND RAILS
06/03/2018
 
TOP OF THE 1ST
Phoenix Hotspur Youth batting - Pitching for Richland Rails : RHP Javier Penela
Pitching: RHP Javier Penela
Batting: RHB Alejandro Ibarra 0-0: Ball
1-0: Swinging Strike
1-1: SINGLE (Flyball, 8RS)
Batting: LHB Alberto Torres 0-0: Ball
1-0: Foul Ball, location: 2F
1-1: Fly out, F8 (Flyball, 8LM)
Batting: LHB Jim Unknown 0-0: Ball
1-0: Called Strike
1-1: Ball
2-1: Ground out 5-3 (Groundball, 5S)
Alejandro Ibarra to second
Batting: RHB Matías Torrella 0-0: Called Strike
0-1: Ball
1-1: Foul Ball, location: 2F
1-2: Strikes out looking
Top of the 1st over - 0 run(s), 1 hit(s), 0 error(s), 1 left on base; Phoenix Hotspur 0 - Richland 0
BOTTOM OF THE 1ST
Richland Rails batting - Pitching for Phoenix Hotspur Youth : RHP Juan Núñez
Pitching: RHP Juan Núñez
Now at 3B: Michael Donahue
Batting: RHB Alexis Smeddon 0-0: Swinging Strike
0-1: Ground out 6-3 (Groundball, 6)
Batting: SHB Raymond Bright 0-0: Foul Ball, location: 2F
0-1: Ball
1-1: Foul Ball, location: 2F
1-2: Ball
2-2: Foul Ball, location: 2F
2-2: Foul Ball, location: 2F
2-2: Ball
3-2: Foul Ball, location: 2F
3-2: Fly out, F5 (Popup, 5F)
Batting: RHB Ichiyo Fujii 0-0: Ground out 4-3 (Groundball, 4)
Bottom of the 1st over - 0 run(s), 0 hit(s), 0 error(s), 0 left on base; Phoenix Hotspur 0 - Richland 0
TOP OF THE 2ND
Phoenix Hotspur Youth batting - Pitching for Richland Rails : RHP Javier Penela
Batting: RHB Patrick Shaw 0-0: Ball
1-0: Ground out 5-3 (Groundball, 56)
Batting: LHB José Villarreal 0-0: Swinging Strike
0-1: SINGLE (Line Drive, 34)
Batting: RHB Nick Reed 0-0: Ball
José Villarreal is caught stealing 2nd base
1-0: Ground out 6-3 (Groundball, 6)
Top of the 2nd over - 0 run(s), 1 hit(s), 0 error(s), 0 left on base; Phoenix Hotspur 0 - Richland 0
BOTTOM OF THE 2ND
Richland Rails batting - Pitching for Phoenix Hotspur Youth : RHP Juan Núñez
Batting: RHB Francisco Avelleyra 0-0: Ball
1-0: Foul Ball, location: 2F
1-1: Ball
2-1: Ball
3-1: Ground out 4-3 (Groundball, 4)
Batting: RHB Gustavo Berrios 0-0: Ball
1-0: Ball
2-0: Foul Ball, location: 2F
2-1: Foul Ball, location: 2F
2-2: Foul Ball, location: 2F
2-2: Strikes out swinging
Batting: RHB Andrew Hall 0-0: Foul Ball, location: 2F
0-1: Called Strike
0-2: Ball
1-2: Ball
2-2: Ground out 1-3 (Groundball, 15)
Bottom of the 2nd over - 0 run(s), 0 hit(s), 0 error(s), 0 left on base; Phoenix Hotspur 0 - Richland 0
TOP OF THE 3RD
Phoenix Hotspur Youth batting - Pitching for Richland Rails : RHP Javier Penela
Batting: LHB Torquato Villani 0-0: Bunt for hit - play at first, batter OUT! 1-3
Batting: SHB Jesús González 0-0: Ball
1-0: Ball
2-0: Fly out, F8 (Flyball, 8LM)
Batting: RHB Alejandro Ibarra 0-0: Swinging Strike
0-1: Ground out 4-3 (Groundball, 4M)
Top of the 3rd over - 0 run(s), 0 hit(s), 0 error(s), 0 left on base; Phoenix Hotspur 0 - Richland 0
BOTTOM OF THE 3RD
Richland Rails batting - Pitching for Phoenix Hotspur Youth : RHP Juan Núñez
Batting: RHB Larry Brown 0-0: Swinging Strike
0-1: Ball
1-1: Ball
2-1: Foul Ball, location: 2F
2-2: Ball
3-2: Base on Balls
Batting: RHB Patrick Clark 0-0: Called Strike
0-1: Ball
1-1: Foul Ball, location: 2F
1-2: Foul Ball, location: 2F
1-2: Fly out, F7 (Popup, 7S)
Batting: LHB Roberto Madrid 0-0: Swinging Strike
0-1: Ball
1-1: Foul Ball, location: 2F
1-2: Ball
2-2: Foul Ball, location: 2F
2-2: Ball
3-2: Strikes out looking
Batting: RHB Alexis Smeddon 0-0: Called Strike
0-1: Swinging Strike
0-2: Strikes out swinging
Bottom of the 3rd over - 0 run(s), 0 hit(s), 0 error(s), 1 left on base; Phoenix Hotspur 0 - Richland 0
TOP OF THE 4TH
Phoenix Hotspur Youth batting - Pitching for Richland Rails : RHP Javier Penela
Batting: LHB Alberto Torres 0-0: Called Strike
0-1: Swinging Strike
0-2: Ball
1-2: Fly out, F8 (Line Drive, 8LM)
Batting: LHB Jim Unknown 0-0: Ball
1-0: Swinging Strike
1-1: DOUBLE (Line Drive, 7LM)
Batting: LHB Michael Donahue 0-0: Called Strike
0-1: Called Strike
0-2: Foul Ball, location: 2F
0-2: Foul Ball, location: 2F
0-2: Ball
1-2: Foul Ball, location: 2F
1-2: Ball
2-2: Strikes out looking
Batting: RHB Patrick Shaw 0-0: Foul Ball, location: 2F
0-1: Ball
1-1: Foul Ball, location: 2F
1-2: Strikes out swinging
Top of the 4th over - 0 run(s), 1 hit(s), 0 error(s), 1 left on base; Phoenix Hotspur 0 - Richland 0
BOTTOM OF THE 4TH
Richland Rails batting - Pitching for Phoenix Hotspur Youth : RHP Juan Núñez
Batting: SHB Raymond Bright 0-0: Ball
1-0: Swinging Strike
1-1: Called Strike
1-2: Ball
2-2: Ball
3-2: Hit by Pitch
Batting: RHB Ichiyo Fujii 0-0: Ball
1-0: Ball
2-0: Ball
3-0: Base on Balls
Raymond Bright to second
Batting: RHB Francisco Avelleyra 0-0: Ball
1-0: Foul Ball, location: 2F
1-1: SINGLE (Line Drive, 8LS)
Raymond Bright to third
Ichiyo Fujii to second
Runner from 3rd tries for Home, SAFE, throw made home
Batting: RHB Gustavo Berrios 0-0: Called Strike
Ichiyo Fujii is caught stealing 3rd base
0-1: Grounds into double play, 6-4-3 (Groundball, 6)
Bottom of the 4th over - 1 run(s), 1 hit(s), 0 error(s), 0 left on base; Phoenix Hotspur 0 - Richland 1
TOP OF THE 5TH
Phoenix Hotspur Youth batting - Pitching for Richland Rails : RHP Javier Penela
Batting: LHB José Villarreal 0-0: Ball
1-0: Fly out, F5 (Popup, 5SF)
Batting: RHB Nick Reed 0-0: Swinging Strike
0-1: Ball
1-1: Ball
2-1: Ball
3-1: Called Strike
3-2: Strikes out swinging
Batting: LHB Torquato Villani 0-0: Foul Ball, location: 2F
0-1: SINGLE (Line Drive, 8LS)
Batting: SHB Jesús González 0-0: Called Strike
0-1: Swinging Strike
0-2: Strikes out looking
Top of the 5th over - 0 run(s), 1 hit(s), 0 error(s), 1 left on base; Phoenix Hotspur 0 - Richland 1
BOTTOM OF THE 5TH
Richland Rails batting - Pitching for Phoenix Hotspur Youth : RHP Juan Núñez
Batting: RHB Andrew Hall 0-0: Ball
1-0: Ball
2-0: Called Strike
2-1: Foul Ball, location: 2F
2-2: Reached on error, E5 (Groundball, 56S)
Batting: RHB Larry Brown 0-0: Called Strike
0-1: Called Strike
0-2: Ball
1-2: Strikes out swinging
Batting: RHB Patrick Clark 0-0: Intentional Walk
Batting: LHB Roberto Madrid 0-0: Ball
1-0: Ball
2-0: Fly out, F9 (Line Drive, 9M)
Batting: RHB Alexis Smeddon 0-0: Called Strike
0-1: Ball
1-1: Swinging Strike
1-2: Foul Ball, location: 2F
1-2: Ball
2-2: Ball
3-2: Base on Balls
Andrew Hall to third
Patrick Clark to second
Batting: SHB Raymond Bright 0-0: Ball
1-0: Fly out, F9 (Flyball, 89M)
Bottom of the 5th over - 0 run(s), 0 hit(s), 1 error(s), 3 left on base; Phoenix Hotspur 0 - Richland 1
TOP OF THE 6TH
Phoenix Hotspur Youth batting - Pitching for Richland Rails : RHP Javier Penela
Batting: RHB Alejandro Ibarra 0-0: Foul Ball, location: 2F
0-1: Foul Ball, location: 2F
0-2: Foul Ball, location: 2F
0-2: Ball
1-2: Ball
2-2: Foul Ball, location: 2F
2-2: Foul Ball, location: 2F
2-2: Ball
3-2: Strikes out swinging
Batting: LHB Alberto Torres 0-0: Swinging Strike
0-1: Foul Ball, location: 2F
0-2: Foul Ball, location: 2F
0-2: Ball
1-2: Ground out 3-1 (Groundball, 34)
Batting: LHB Jim Unknown 0-0: Ball
1-0: Called Strike
1-1: Swinging Strike
1-2: Fly out, F6 (Popup, 6D)
Top of the 6th over - 0 run(s), 0 hit(s), 0 error(s), 0 left on base; Phoenix Hotspur 0 - Richland 1
BOTTOM OF THE 6TH
Richland Rails batting - Pitching for Phoenix Hotspur Youth : RHP Juan Núñez
Batting: RHB Ichiyo Fujii 0-0: Ball
1-0: Called Strike
1-1: Foul Ball, location: 2F
1-2: Strikes out looking
Batting: RHB Francisco Avelleyra 0-0: Swinging Strike
0-1: Ball
1-1: Ball
2-1: SINGLE (Flyball, 8RS)
Batting: RHB Gustavo Berrios 0-0: Called Strike
0-1: Ball
1-1: Swinging Strike
1-2: Ball
2-2: Fielders Choice at 2nd, 6-4 (Groundball, 6M)
Batting: RHB Andrew Hall 0-0: Ball
1-0: Ball
2-0: SINGLE (Flyball, 78S)
Gustavo Berrios to second
Pitching: RHP Eric Taylor
Batting: RHB Larry Brown 0-0: Ball
1-0: Ball
Wild Pitch!
Gustavo Berrios to third
Andrew Hall to second
2-0: Fly out, F7 (Flyball, 78M)
Bottom of the 6th over - 0 run(s), 2 hit(s), 0 error(s), 2 left on base; Phoenix Hotspur 0 - Richland 1
TOP OF THE 7TH
Phoenix Hotspur Youth batting - Pitching for Richland Rails : RHP Javier Penela
Batting: LHB Michael Donahue 0-0: Ball
1-0: Swinging Strike
1-1: Foul Ball, location: 2F
1-2: Ball
2-2: SINGLE (Groundball, 3D)
Batting: RHB Patrick Shaw 0-0: Foul Ball, location: 2F
0-1: Ball
1-1: Foul Ball, location: 2F
1-2: Ball
2-2: Strikes out swinging
Batting: LHB José Villarreal 0-0: Called Strike
0-1: Called Strike
0-2: Strikes out swinging
Pinch Hitting: LHB Jim Unknown 0-0: Fly out, F8 (Flyball, 8LM)
Top of the 7th over - 0 run(s), 1 hit(s), 0 error(s), 1 left on base; Phoenix Hotspur 0 - Richland 1
BOTTOM OF THE 7TH
Richland Rails batting - Pitching for Phoenix Hotspur Youth : RHP Eric Taylor
Now at SS: Jim Unknown
Batting: RHB Patrick Clark 0-0: Swinging Strike
0-1: Swinging Strike
0-2: Strikes out swinging
Pitching: LHP César González
Batting: LHB Roberto Madrid 0-0: Ball
1-0: Called Strike
1-1: Foul Ball, location: 2F
1-2: Fly out, F9 (Flyball, 9LS)
Pitching: LHP Jeff Burrell
Batting: RHB Alexis Smeddon 0-0: Ball
1-0: Called Strike
1-1: Fly out, F8 (Flyball, 8RM)
Bottom of the 7th over - 0 run(s), 0 hit(s), 0 error(s), 0 left on base; Phoenix Hotspur 0 - Richland 1
TOP OF THE 8TH
Phoenix Hotspur Youth batting - Pitching for Richland Rails : RHP Javier Penela
Batting: LHB Torquato Villani 0-0: Ball
1-0: Ball
2-0: Ground out 5-3 (Groundball, 15S)
Batting: SHB Jesús González 0-0: Called Strike
0-1: Ball
1-1: Ball
2-1: Ball
3-1: Swinging Strike
3-2: Strikes out swinging
Batting: RHB Alejandro Ibarra 0-0: Ball
1-0: Fly out, F8 (Flyball, 8LS)
Top of the 8th over - 0 run(s), 0 hit(s), 0 error(s), 0 left on base; Phoenix Hotspur 0 - Richland 1
BOTTOM OF THE 8TH
Richland Rails batting - Pitching for Phoenix Hotspur Youth : LHP Jeff Burrell
Batting: SHB Raymond Bright 0-0: SINGLE (Flyball, 8LS)
Batting: RHB Ichiyo Fujii 0-0: Ball
1-0: Ball
2-0: Foul Ball, location: 2F
2-1: Swinging Strike
2-2: Fly out, F8 (Flyball, 8RXD)
Pinch Hitting: SHB Shelby Reusch 0-0: Ball
1-0: Called Strike
1-1: Foul Ball, location: 2F
1-2: Ball
2-2: Strikes out swinging
Pinch Hitting: RHB Júlio Aguirre 0-0: Ball
1-0: Ball
2-0: DOUBLE (Flyball, 7LM)
Raymond Bright to third
Batting: RHB Andrew Hall 0-0: SINGLE (Line Drive, 9LS)
Raymond Bright scores
Júlio Aguirre to third
Runner from 3rd tries for Home, SAFE, no throw or cutoff
Pitching: RHP Jesús Olvero
Batting: RHB Larry Brown 0-0: Swinging Strike
0-1: Ball
1-1: Swinging Strike
1-2: Ball
2-2: Ball
3-2: Strikes out swinging
Bottom of the 8th over - 2 run(s), 3 hit(s), 0 error(s), 1 left on base; Phoenix Hotspur 0 - Richland 3
TOP OF THE 9TH
Phoenix Hotspur Youth batting - Pitching for Richland Rails : RHP Javier Penela
Pitching: RHP Víctor García
Now at 2B: Shelby Reusch
Now at SS: Júlio Aguirre
Batting: LHB Alberto Torres 0-0: Called Strike
0-1: Foul Ball, location: 2F
0-2: Ball
1-2: Ball
2-2: Ball
3-2: Strikes out swinging
Batting: LHB Jim Unknown 0-0: Swinging Strike
0-1: Ball
1-1: Called Strike
1-2: Foul Ball, location: 2F
1-2: Ground out 4-3 (Groundball, 4)
Batting: LHB Michael Donahue 0-0: Ball
1-0: Called Strike
1-1: Fly out, F6 (Flyball, 6)
Top of the 9th over - 0 run(s), 0 hit(s), 0 error(s), 0 left on base; Phoenix Hotspur 0 - Richland 3
This league is powered by Out of the Park Baseball, the baseball management simulation game for PC, Mac and Linux
Monday, May 4th, 2015 - OOTP Baseball 15.6 Build 34